 Dungeon Crawl Stone Soup version 0.24.0-125-gc4c63601f3 (webtiles) character file.

Game seed: 8827614937210120158, levelgen mode: deterministic

9 Iscandelvey the Vexing (level 2, 21/21 HPs)
             Began as a Demonspawn Arcane Marksman on Feb 18, 2020.
             Quit the game on level 1 of the Dungeon.
             The game lasted 00:00:16 (290 turns).

Iscandelvey the Vexing (Demonspawn Arcane Marksman)  Turns: 290, Time: 00:00:17

Health: 21/21      AC:  2    Str: 10    XL:     2   Next: 6%
Magic:  3/3        EV: 12    Int: 14    God:
Gold:   48         SH:  0    Dex: 13    Spells: 2/3 levels left

rFire    . . .     SeeInvis .   a - +0 hunting sling
rCold    . . .     Gourm    .   (no shield)
rNeg     . . .     Faith    .   e - +0 robe
rPois    .         Spirit   .   (no helmet)
rElec    .         Reflect  .   (no cloak)
rCorr    .         Harm     .   (no gloves)
MR       .....                  (no boots)
Stlth    +.........             (no amulet)
HPRegen  0.07/turn              (no ring)
MPRegen  0.08/turn              (no ring)

@: no status effects
A: sanguine armour 1
a: no special abilities


You were on level 1 of the Dungeon.
You were not hungry.

You visited 1 branch of the dungeon, and saw 1 of its levels.

You collected 48 gold pieces.

Inventory:

Hand Weapons
 a - a +0 hunting sling (weapon)
Missiles
 b - 46 stones
 d - 29 sling bullets (quivered)
Armour
 e - a +0 robe (worn)
Scrolls
 c - a scroll of identify {unknown}
 g - 2 scrolls of remove curse {unknown}
Comestibles
 f - 3 rations


   Skills:
 + Level 1.1 Fighting
 + Level 2.0 Slings
 + Level 2.1 Dodging
 + Level 1.0 Spellcasting
 + Level 3.1 Hexes


You had 2 spell levels left.
You knew the following spells:

 Your Spells              Type           Power        Failure   Level  Hunger
a - Corona                Hex            #......      8%          1    ##.....

Your spell library contained the following spells:

 Spells                   Type           Power        Failure   Level  Hunger
 Slow                     Hex            #.......     11%         2    ###....
 Inner Flame              Hex/Fire       #.......     38%         3    ####...
 Portal Projectile        Hex/Tloc       #.....       38%         3    ####...
 Cause Fear               Hex            #.........   58%         4    #####..
 Leda's Liquefaction      Hex/Erth       #.........   80%         4    #####..


Dungeon Overview and Level Annotations

Branches:
Dungeon (1/15)

Altars:


Innate Abilities, Weirdness & Mutations

When seriously injured, your bleeding wounds create armour. (AC +0)


Message History

Aim: a giant cockroach (clinging)
You shoot a sling bullet.
The sling bullet hits the giant cockroach.
The giant cockroach is severely wounded.
A giant cockroach is nearby!
Firing (i - inventory. (/) - cycle)
d - 31 sling bullets (quivered)
Press: ? - help, Shift-Dir - straight line, f/p - giant cockroach
Aim: a giant cockroach (severely wounded, clinging)
You shoot a sling bullet.
The sling bullet hits the giant cockroach but does no damage.
The giant cockroach is severely wounded.
A giant cockroach is nearby!
Firing (i - inventory. (/) - cycle)
d - 30 sling bullets (quivered)
Press: ? - help, Shift-Dir - straight line, f/p - giant cockroach
Aim: a giant cockroach (severely wounded, clinging)
You shoot a sling bullet.
The sling bullet hits the giant cockroach.
You kill the giant cockroach!
Found 12 gold pieces.
Are you sure you want to abandon this character and quit the game? (Confirm with "yes".) P

.♣ .... .♣ P♣♣...# ...#
♣ .♣P..#### ...# ♣
♣♣..P....# ...####
♣♣♣♣.....##.#####.......
♣P♣♣P....##.............
♣.P.....###.............
....P...........@.......
...........####.#....###
..##.......# #.#.......
######.##### #.#....###
.......# #(#...^#
.......# #(.$...#
..###..# ###...## ♣ ...#
.... .#.##


There were no monsters in sight!

Vanquished Creatures
  A leopard gecko (D:1)
  2 giant cockroaches (D:1)
  A kobold (D:1)
  A ball python (D:1)
  2 frilled lizards (D:1)
  2 rats (D:1)
9 creatures vanquished.

Notes
Turn   | Place    | Note
-------+----------+-------------------------------------------
     0 | D:1      | Iscandelvey the Demonspawn Arcane Marksman began the quest
                  | for the Orb.
     0 | D:1      | Reached XP level 1. HP: 15/15 MP: 2/2
   259 | D:1      | Gained mutation: When seriously injured, your bleeding
                  | wounds create armour. (AC +0) [demonic ancestry]
   259 | D:1      | Reached XP level 2. HP: 21/21 MP: 3/3
   290 | D:1      | Quit the game

Levels and vault maps discovered:
D:1:      dpeg_arrival_chase, layout_loops_cross, serial_forest,
          infiniplex_forest_clump_diagonal, infiniplex_forest_corner_1,
          infiniplex_forest_clump_large, infiniplex_forest_end_2,
          infiniplex_forest_clump_small, infiniplex_forest_clump_curved,
          infiniplex_forest_clump_long, infiniplex_forest_clump_C,
          infiniplex_forest_lined_3, minmay_misc_feat_cross, minmay_tall_x

Skill      XL: |  1 |
---------------+----+-----
Dodging        | 2 |  2.1
Slings         | 2 |  2.0
Fighting       | |  1.1
Spellcasting   | |  1.0
Hexes          | |  3.1

Action                   || total
-------------------------++-------
 Fire: Hunting sling     ||    34
Armor: Robe              ||     2
Dodge: Dodged            ||     6
